 Dungeon Crawl Stone Soup version 0.21-a0-630-g344d351 (webtiles) character file.

86 Charly the Shield-Bearer (level 4, -3/29 HPs)
             Began as a Gargoyle Fighter on Dec 26, 2017.
             Killed by divine providence
             ... invoked by an orc priest
              (13 damage)
             ... on level 4 of the Dungeon.
             The game lasted 00:01:12 (448 turns).

Charly the Shield-Bearer (Gargoyle Fighter)          Turns: 448, Time: 00:01:13

Health: -3/29      AC: 11    Str: 20    XL:     4   Next: 50%
Magic:  4/4        EV:  7    Int:  8    God:
Gold:   63         SH:  9    Dex: 10    Spells: 3/3 levels left

rFire    . . .     SeeInvis .   a - +0 war axe
rCold    . . .     Gourm    .   c - +0 shield
rNeg     + . .     Faith    .   b - +0 scale mail
rPois    ∞         Spirit   .   (no helmet)
rElec    +         Reflect  .   (no cloak)
rCorr    .         Harm     .   e - +0 pair of gloves
MR       .....                  (no boots)
Stlth    ..........             (no amulet)
HPRegen  0.09/turn              (no ring)
MPRegen  0.09/turn              (no ring)

@: no status effects
A: negative energy resistance 1, electricity resistance, unbreathing,
petrification resistance, rot immunity, AC +3
a: no special abilities


You were on level 4 of the Dungeon.
You were not hungry.

You visited 1 branch of the dungeon, and saw 4 of its levels.

You collected 63 gold pieces.

Inventory:

Hand Weapons
 a - a +0 war axe (weapon)
Armour
 b - a +0 scale mail (worn)
 c - a +0 shield (worn)
 e - a +0 pair of gloves (worn)
Potions
 d - a potion of might
 g - 2 potions of haste {unknown}
Comestibles
 f - a ration


   Skills:
 + Level 3.8 Fighting
 * Level 2.7 Axes
 + Level 3.7 Armour
 + Level 1.0 Dodging
 + Level 3.8 Shields


You had 3 spell levels left.
You didn't know any spells.

Dungeon Overview and Level Annotations

Branches:
Dungeon (4/15)
 Temple: D:4-7

Altars:
Zin


Innate Abilities, Weirdness & Mutations

You are resistant to torment.
Your stone body is resilient. (AC +3)
You are immune to poison.
You resist negative energy. (rN+)
You are resistant to electric shocks. (rElec)
You can survive without breathing.
You are immune to petrification.
You are immune to rotting.


Message History

The orc priest is lightly wounded.
The orc priest barely misses you.
You hit the orc priest.
The orc priest is moderately wounded.
The orc priest looks satisfied for a moment.
Your shield prevents you from hitting the orc priest.
The orc priest is moderately wounded.
You block the orc priest's attack. The orc priest barely misses you.
You hit the orc priest but do no damage.
The orc priest is moderately wounded.
The orc priest hits you but does no damage.
You hit the orc priest.
The orc priest is severely wounded.
The orc priest invokes the aid of Beogh against you.
Beogh smites you!
You hit the orc priest.
The orc priest is severely wounded.
The orc priest calls down the wrath of Beogh upon you.
Beogh smites you!
You die...

#. .# #. .# #. .# #.
##.# #. #.. #####
#.##.# §§≈≈###
####.##.#
#§#≈#.####......o#
._(≈#......#####@#
#.#≈#)####.# #[####
§(≈≈#.##...# #....#
#'###.##.#.# #.##.#
(.....#.[.†#####.##.###
####...............$..#
#.##...#####.###...#
#.###.## #......... #.#
#.# ##......o.


You could see an orc priest.

Vanquished Creatures
  An orc priest (D:4)
  2 adders
  2 dart slugs (D:3)
  2 leopard geckos
  3 goblins
  5 hobgoblins
  8 jackals
  2 kobolds (D:1)
  A quokka (D:2)
  4 bats
  A frilled lizard (D:1)
31 creatures vanquished.

Notes
Turn   | Place    | Note
-------+----------+-------------------------------------------
     0 | D:1      | Charly the Gargoyle Fighter began the quest for the Orb.
     0 | D:1      | Reached XP level 1. HP: 14/14 MP: 1/1
    42 | D:1      | Reached XP level 2. HP: 10/19 MP: 2/2
   351 | D:3      | Reached XP level 3. HP: 21/23 MP: 3/3
   378 | D:4      | Found a glowing silver altar of Zin.
   442 | D:4      | Reached skill level 1 in Dodging
   442 | D:4      | Reached XP level 4. HP: 27/29 MP: 4/4
   448 | D:4      | Killed from afar by an orc priest

Vault maps used:
D:1:      lemuel_arrival_broad_hall, minmay_tetromino_s2
D:2:      nemelex_xobeh_ov_fountains_minmay, elyvilon_altar_4
D:3:      uniq_grinder
D:4:      kennysheep_little_box, first_ration

Skill      XL: |  1  2  3 |
---------------+----------+-----
Axes           | 2 |  2.7
Dodging        | 1 |  1.0
Fighting       | |  3.8
Armour         | |  3.7
Shields        | |  3.8

Action                   |  1- 3 |  4- 6 || total
-------------------------+-------+-------++-------
Melee: War axe           |    90 |     6 ||    96
Armor: Scale mail        |    70 |     1 ||    71
Dodge: Dodged            |    42 |     3 ||    45
Block: Shield            |    62 |     1 ||    63

Table legend:
 A = Spawn XP
 B = Non-spawn XP
 C = Spawn XP percentage of total XP
 D = Spawn monster count
 E = Non-spawn monster count
 F = Spawn count percentage of total count
 G = Total turns spent on level
                    A         B        C        D         E        F      G
               +---------+---------+-------+---------+---------+-------+---------
         Total |       0 |     124 |   0.0 |       0 |      31 |   0.0 |   448
               +---------+---------+-------+---------+---------+-------+---------
           D:1 |       0 |      11 |   0.0 |       0 |       7 |   0.0 |   201
           D:2 |       0 |      15 |   0.0 |       0 |       9 |   0.0 |   128
           D:3 |       0 |      31 |   0.0 |       0 |       8 |   0.0 |    47
           D:4 |       0 |      67 |   0.0 |       0 |       7 |   0.0 |    72
               +---------+---------+-------+---------+---------+-------+---------
